 Dungeon Crawl Stone Soup version 0.26-a0-651-gb41185065b (webtiles) character file.

Game seed: 1786916619973391872

168 Mesmaeker13 the Vandal (level 5, -10/54 HPs)
             Began as a Halfling Hunter on Oct 31, 2020.
             Was a Follower of Zin.
             Killed from afar by a leopard gecko (17 damage)
             ... with an exploding inner flame
             ... hexed by the player character
             ... on level 3 of the Dungeon.
             The game lasted 00:04:10 (2551 turns).

Mesmaeker13 the Vandal (Halfling Hunter)            Turns: 2551, Time: 00:04:10

Health: -10/54     AC:  5    Str: 13    XL:     5   Next: 77%
Magic:  5/5        EV: 16    Int: 10    God:    Zin [*.....]
Gold:   168        SH:  0    Dex: 15    Spells: 4/4 levels left

rFire    + . .     SeeInvis .   y - +2 short sword (venom)
rCold    + + +     Faith    .   (shield restricted)
rNeg     . . .     Spirit   .   c - +0 leather armour
rPois    +         Reflect  .   (no helmet)
rElec    +         Harm     .   (no cloak)
rCorr    +         Rampage  .   b - +1 pair of gloves
MR       .....                  (no boots)
Stlth    ..........             (no amulet)
HPRegen  0.18/turn              i - ring of protection from cold
MPRegen  0.09/turn              m - ring of protection from cold

@: mighty, berserking, resistant, flying, very quick
A: small, mutation resistance 1
a: Recite, Donate Gold, Renounce Religion


You were on level 3 of the Dungeon.
You worshipped Zin.
Zin was aware of your devotion.
You visited 1 branch of the dungeon, and saw 4 of its levels.

You collected 186 gold pieces.
You donated 18 gold pieces to Zin.

Inventory:

Hand Weapons
 a - a +1 hunting sling
 y - a +2 short sword of venom (weapon)
Missiles
 d - 6 sling bullets
 h - 106 stones (quivered)
 p - 6 curare-tipped darts
Armour
 b - a +1 pair of gloves (worn)
 c - a +0 leather armour (worn)
Jewellery
 i - a ring of protection from cold (left hand)
 m - a ring of protection from cold (right hand)
 o - a +4 ring of slaying {unknown}
Scrolls
 e - 3 scrolls of identify
 g - 4 scrolls of remove curse
 l - a scroll of enchant weapon
Potions
 f - a potion of lignification
 n - a potion of haste {unknown}
 r - a potion of magic {unknown}
 s - a potion of flight
 w - a potion of stabbing {unknown}
 x - a potion of mutation {unknown}
 z - a potion of invisibility {unknown}


   Skills:
 + Level 3.0 Fighting
 + Level 1.7 Short Blades
 + Level 7.1 Slings
 + Level 3.7 Dodging
 - Level 1.1 Stealth


You had 4 spell levels left.
You didn't know any spells.
Your spell library was empty.

Dungeon Overview and Level Annotations

Branches:
Dungeon (4/15)
 Temple: D:4-7

Altars:
Ashenzari
Gozag
Nemelex Xobeh
Vehumet
Yredelemnul
Zin


Innate Abilities, Weirdness & Mutations

You are small and have problems with some larger weapons.
You are somewhat resistant to further mutation.


Message History

You feel very mighty all of a sudden.
The leopard gecko bites you but does no damage.
It was a potion of resistance.
You feel protected. The leopard gecko closely misses you.
It was a potion of berserk rage.
A red film seems to cover your vision as you go berserk!
You feel yourself moving faster!
You feel mighty!
The leopard gecko bites you but does no damage.
You puncture the leopard gecko!
The leopard gecko explodes!
The fiery explosion engulfs the orc warrior!!!
The orc warrior explodes!
Your Fighting skill increases to level 3!
Your Short Blades skill increases to level 1!
Your Slings skill increases to level 7!
You have reached level 5!
You feel agile. The fiery explosion engulfs you! You resist.
You die...

###.##### #.#.# #.# #.#
#.#.# #.# #.# #.#.# #.#
#.# #.#.# #.# #
#.########.#.# #.#
###............# #.#
............>..# #.#
##########.#.§§######.##
.# #.#..§§@......#
.#########.#.§§#########
...........#...#
#..#############
#..#.#### ##_##
........##8...8#
........##.....#
.#......#8.....8#
.#.###### ....##


There were no monsters in sight!

Vanquished Creatures
  An orc warrior (D:3)
  A gnoll (D:1)
  An adder (D:3)
  An ooze (D:1)
  A dart slug (D:4)
  A leopard gecko (D:1)
  2 orcs (D:4)
  A ball python (D:1)
  6 bats
  5 giant cockroaches
  5 goblins
  A hobgoblin (D:1)
  2 jackals (D:2)
  6 kobolds
  A quokka (D:3)
  2 frilled lizards
  5 rats
42 creatures vanquished.

Notes
Turn   | Place    | Note
-------+----------+-------------------------------------------
     0 | D:1      | Mesmaeker13 the Halfling Hunter began the quest for the
                  | Orb.
     0 | D:1      | Reached XP level 1. HP: 14/14 MP: 1/1
    19 | D:1      | Reached skill level 6 in Slings
    29 | D:1      | Reached XP level 2. HP: 19/19 MP: 2/2
   235 | D:1      | Reached XP level 3. HP: 16/24 MP: 3/3
   845 | D:2      | Found a sparkling altar of Nemelex Xobeh.
  1065 | D:2      | Reached XP level 4. HP: 30/30 MP: 4/4
  1097 | D:2      | Found a broken altar of Ashenzari.
  1414 | D:2      | Found a radiant altar of Vehumet.
  2060 | D:3      | Found a basalt altar of Yredelemnul.
  2086 | D:3      | Found a glowing silver altar of Zin.
  2087 | D:3      | Found an opulent altar of Gozag.
  2102 | D:3      | Became a worshipper of Zin the Law-Giver
  2102 | D:3      | Reached * piety under Zin
  2528 | D:4      | Noticed an orc warrior
  2551 | D:3      | Killed an orc warrior
  2551 | D:3      | Reached skill level 1 in Short Blades
  2551 | D:3      | Reached skill level 7 in Slings
  2551 | D:3      | Reached XP level 5. HP: 7/36 MP: 5/5
  2551 | D:3      | Killed from afar by a leopard gecko

Illustrated notes

Levels and vault maps discovered:
D:1:      ebering_trefoil_3fold, layout_rooms, st_stairs_7
D:2:      layout_basic, lemuel_crystal_altar, fiery_altar_vehumet,
          nemelex_xobeh_ov_fountains_minmay
D:3:      layout_basic, grunt_temple_overflow_gold_and_silver,
          nicolae_overflow_hidden_temple
D:4:      layout_cave_pools, nicolae_ru_sacrificial_ziggurat,
          eat_drink_and_be_merry_uskayaw, overflow_temple_1_default

Skill      XL: |  1  2  3  4 |
---------------+-------------+-----
Slings         | 6 7 |  7.1
Fighting       | 2 3 |  3.0
Dodging        | 3 |  3.7
Short Blades   | 1 |  1.7
Stealth        | |  1.1

Action                   |  1- 3 |  4- 6 || total
-------------------------+-------+-------++-------
Melee: Short sword       |    77 |    24 ||   101
 Fire: Hunting sling     |    20 |    15 ||    35
  Use: Scroll            |       |     6 ||     6
       Potion            |       |     5 ||     5
 Stab: Sleeping          |     1 |     2 ||     3
Armor: Leather armour    |    20 |     6 ||    26
Dodge: Dodged            |    64 |    34 ||    98

Table legend: (Time is in decaauts)
 A = Elapsed time spent in this place.
 B = Non-inter-level travel time spent in this place.
 C = Inter-level travel time spent in this place.
 D = Time resting spent in this place.
 E = Time spent auto-exploring this place.
 F = Levels seen in this place.
 G = Mean time per level.
                   A        B        C        D        E       F      G
               +--------+--------+--------+--------+--------+-----+--------+
         Total |   2551 |   2440 |    111 |    490 |   1563 |   4 |  637.8 |
       Dungeon |   2551 |   2440 |    111 |    490 |   1563 |   4 |  637.8 |
               +--------+--------+--------+--------+--------+-----+--------+

Top non-repeatable levels by time:
     D:2: 920 daAuts
     D:3: 882 daAuts
     D:1: 734 daAuts
     D:4: 13 daAuts
